 Dungeon Crawl Stone Soup version 0.23.2-1-ga50397a (webtiles) character file.

Game seed: 6391379013046599906

47 redwoodhats the Grave Robber (level 3, -4/24 HPs)
             Began as a Demonspawn Necromancer on May 30, 2019.
             Slain by a worm (8 damage)
             ... on level 2 of the Dungeon.
             The game lasted 00:05:48 (1700 turns).

redwoodhats the Grave Robber (DsNe)                 Turns: 1700, Time: 00:05:48

Health: -4/24      AC:  4    Str:  8    XL:     3   Next: 48%
Magic:  0/6        EV: 12    Int: 17    God:
Gold:   123        SH:  0    Dex: 13    Spells: 5/7 levels left

rFire    . . .     SeeInvis .   (no weapon)
rCold    . . .     Gourm    .   (no shield)
rNeg     . . .     Faith    .   a - +0 robe
rPois    .         Spirit   .   (no helmet)
rElec    .         Reflect  .   (no cloak)
rCorr    .         Harm     .   (no gloves)
MR       .....                  (no boots)
Stlth    ++........             (no amulet)
HPRegen  0.08/turn              (no ring)
MPRegen  0.10/turn              (no ring)

@: no status effects
A: claws 1, icy blue scales 1
a: no special abilities


You were on level 2 of the Dungeon.
You were not hungry.

You visited 1 branch of the dungeon, and saw 2 of its levels.

You collected 123 gold pieces.

Inventory:

Hand Weapons
 b - a +0 dagger
Armour
 a - a +0 robe (worn)
 e - a cursed +0 buckler
Scrolls
 i - 4 scrolls of random uselessness {unknown}
 j - a scroll of magic mapping {unknown}
 k - 2 scrolls of enchant weapon {unknown}
 l - 2 scrolls of identify {unknown}
 m - 2 scrolls of remove curse {unknown}
 p - 3 scrolls of noise {unknown}
Potions
 d - a potion of ambrosia {unknown}
 f - 2 potions of lignification {unknown}
 g - 2 potions of curing {unknown}
 h - a potion of magic {unknown}
 n - a potion of haste {unknown}
Comestibles
 c - a ration
 o - 3 chunks of flesh


   Skills:
 + Level 0.1 Short Blades
 + Level 1.7 Dodging
 + Level 1.8 Stealth
 + Level 0.1 Unarmed Combat
 + Level 2.6 Spellcasting
 + Level 5.3 Necromancy


You had 5 spell levels left.
You knew the following spells:

 Your Spells              Type           Power        Failure   Level  Hunger
a - Pain                  Necr           ###.         1%          1    #......
b - Animate Skeleton      Necr           N/A          1%          1    #......

Your spell library contained the following spells:

 Spells                   Type           Power        Failure   Level  Hunger
 Vampiric Draining        Necr           ###.......   6%          3    ###....
 Regeneration             Chrm/Necr      ##........   19%         3    ###....
 Animate Dead             Necr           N/A          21%         4    #####..


Dungeon Overview and Level Annotations

Branches:
Dungeon (2/15)

Altars:
Okawaru
The Shining One


Innate Abilities, Weirdness & Mutations

You have sharp fingernails.
You are partially covered in icy blue scales. (AC +2)


Message History

The worm bites your hobgoblin skeleton!
Your hobgoblin skeleton is destroyed!
Casting: Pain (safe; 1% risk of failure)
Confirm with . or Enter, or press ? or * to list all spells.
Aiming: Pain (safe; 1% risk of failure)
Press: ? - help, Shift-Dir - straight line, f/p - worm
Aim: a worm (moderately wounded, chance to defeat MR: 85%)
The worm writhes in agony.
Casting: Pain (safe; 1% risk of failure)
Confirm with . or Enter, or press ? or * to list all spells.
You don't have enough magic to cast that spell.
Unknown command.
The worm bites you.
* * * LOW HITPOINT WARNING * * *
Your magical contamination has completely faded away.
You see here a +0 club.
You barely miss the worm.
The worm is heavily wounded.
The worm bites you!
You die...

###.†....#............
........###.#.........
#..####.# #.#.†.......
..#... .# #.##.#######
#.# #.#.###..#.## ....
#.##......# .....
.##......## ######
.##.......#######
........@.......
.##......w...####
#.[........#
#..........#
#......?...#
#..........#
######.....# #.....#
##.####


You could see a worm.

Vanquished Creatures
  2 adders (D:2)
  2 dart slugs (D:1)
  2 bats (D:2)
  A giant cockroach (D:1)
  A goblin (D:1)
  3 hobgoblins (D:1)
  2 jackals (D:1)
  2 kobolds (D:1)
  4 frilled lizards
  5 rats
24 creatures vanquished.

Vanquished Creatures (collateral kills)
  A hobgoblin (D:2)
  A bat (D:2)
2 creatures vanquished.

Vanquished Creatures (others)
  4 toadstools (D:1)
4 creatures vanquished.

Grand Total: 30 creatures vanquished

Notes
Turn   | Place    | Note
-------+----------+-------------------------------------------
     0 | D:1      | redwoodhats the Demonspawn Necromancer began the quest for
                  | the Orb.
     0 | D:1      | Reached XP level 1. HP: 13/13 MP: 3/3
    85 | D:1      | Learned a level 1 spell: Animate Skeleton
   614 | D:1      | Gained mutation: You have sharp fingernails. [demonic
                  | ancestry]
   614 | D:1      | Reached XP level 2. HP: 19/19 MP: 3/5
   715 | D:1      | Reached skill level 5 in Necromancy
  1471 | D:2      | Gained mutation: You are partially covered in icy blue
                  | scales. (AC +2) [demonic ancestry]
  1471 | D:2      | Reached XP level 3. HP: 20/24 MP: 1/6
  1484 | D:2      | Found a glowing golden altar of the Shining One.
  1607 | D:2      | Found an iron altar of Okawaru.
  1700 | D:2      | Slain by a worm

Skill      XL: |  1  2 |
---------------+-------+-----
Necromancy     | 5 |  5.3
Short Blades   | |  0.1
Dodging        | |  1.7
Stealth        | |  1.8
Unarmed Combat | |  0.1
Spellcasting   | |  2.6

Action                   || total
-------------------------++-------
Melee: Dagger            ||     5
       Unarmed           ||    15
 Cast: Pain              ||    41
       Animate Skeleton  ||     9
  Eat: Ration            ||     1
       Chunk             ||     1
Dodge: Dodged            ||    16
